 Dungeon Crawl Stone Soup version 0.30.1-11-g7821555f0a (webtiles) character file.

Game seed: 16136986752605725711

2361 Unglued128 the Protected (level 9, -8/68 HPs)
             Began as a Gnoll Wanderer on Nov 11, 2023.
             Was an Initiate of Qazlal.
             Killed by the air
             ... invoked by Gastronok
              (14 damage)
             ... on level 8 of the Dungeon.
             The game lasted 00:46:16 (8003 turns).

Unglued128 the Protected (Gnoll Wanderer)           Turns: 8003, Time: 00:46:17

Health: -8/68      AC: 16    Str: 13    XL:     9   Next: 44%
Magic:  16/16      EV:  8    Int: 16    God:    Qazlal [......]
Gold:   399        SH:  5    Dex: 10    Spells: 17/18 levels left

rFire   . . .        e - +4 dagger (drain)
rCold   . . .        b - +0 buckler
rNeg    . . .        d - +0 chain mail
rPois   .            o - +2 hat
rElec   .            (no cloak)
rCorr   .            (no gloves)
SInv    +            j - +1 pair of boots
Will    .....        (no amulet) Stlth
                     v - ring of see invisible
HPRegen 0.31/turn    (no ring)
MPRegen 0.15/turn

%: no passive effects
@: slowed, very slow
A: fangs 1, strong nose, distributed training
a: Renounce Religion


You were on level 8 of the Dungeon.
You worshipped Qazlal.
Qazlal was noncommittal.
You visited 2 branches of the dungeon, and saw 9 of its levels.
You also visited: Sewer.

You collected 399 gold pieces.

Inventory:

Hand Weapons
 e - a +4 dagger of draining (weapon)
 n - a +3 whip of flaming
Missiles
 c - 25 poisoned darts (quivered)
 w - a curare-tipped dart
 y - a throwing net
Armour
 b - a +0 buckler (worn)
 d - a +0 chain mail (worn)
 j - a +1 pair of boots (worn)
 o - a +2 hat (worn)
Magical Staves
 q - a staff of poison
Jewellery
 v - a ring of see invisible (left hand)
 z - a ring of magical power
Wands
 r - a wand of digging (5)
 t - a wand of paralysis (9)
 u - a wand of polymorph (6)
Scrolls
 i - 2 scrolls of teleportation
 l - a scroll of magic mapping
 s - a scroll of fear
 x - a scroll of identify
Potions
 a - 2 potions of magic
 f - a potion of lignification {unknown}
 g - a potion of attraction
 h - 3 potions of curing
 k - 2 potions of mutation
 m - 2 potions of cancellation {unknown}
 p - 4 potions of flight


   Skills:
 + Level 5.2 Fighting
 + Level 4.4 Short Blades
 + Level 4.4 Long Blades
 + Level 4.4 Axes
 + Level 4.4 Maces & Flails
 + Level 4.4 Polearms
 + Level 4.4 Staves
 + Level 4.4 Ranged Weapons
 + Level 4.4 Throwing
 + Level 11.3 Armour
 + Level 4.4 Dodging
 + Level 4.4 Stealth
 + Level 6.4 Shields
 + Level 4.4 Unarmed Combat
 + Level 5.3 Spellcasting
 + Level 3.6 Conjurations
 + Level 3.6 Hexes
 + Level 3.6 Summonings
 + Level 3.6 Necromancy
 + Level 3.6 Translocations
 + Level 3.6 Transmutations
 + Level 3.6 Fire Magic
 + Level 3.6 Ice Magic
 + Level 4.3 Air Magic
 + Level 3.6 Earth Magic
 + Level 3.6 Poison Magic
 + Level 4.9 Invocations
 + Level 4.4 Evocations


You had 17 spell levels left.
You knew the following spells:

 Your Spells              Type           Power      Damage    Failure   Level
a - Shock                 Conj/Air       64%        1d7       38%         1

Your spell library contained the following spells:

 Spells                   Type           Power      Damage    Failure   Level
 Sublimation of Blood     Necr           15%        N/A       56%         2
 Wereblood                Tmut           15%        N/A       56%         2
 Swiftness                Air            18%        N/A       71%         3
 Call Canine Familiar     Summ           15%        N/A       80%         3
 Portal Projectile        Hex/Tloc       30%        N/A       80%         3
 Leda's Liquefaction      Hex/Erth       7%         N/A       99%         4
 Summon Hydra             Summ           7%         N/A       100%        7


Dungeon Overview and Level Annotations

Branches:
Dungeon (8/15)             Temple (1/1) D:7           Sewer (visited)
   Lair: D:8-11

Altars:
Ashenzari
Cheibriados
Dithmenos
Elyvilon
Fedhas
Gozag
Hepliaklqana
Kikubaaqudgha
Nemelex Xobeh
Okawaru
Qazlal
Ru
Sif Muna
Trog
Uskayaw
Vehumet
Wu Jian
Xom
Yredelemnul
Zin
The Shining One

Annotations:
D:4 Edmund
D:8 Gastronok


Innate Abilities, Weirdness & Mutations

You have very sharp teeth.
Your uncanny sense of smell can sniff out nearby items.
Your experience applies equally to all skills.


Message History

You resist with some effort.
Gastronok the Ponderous comes into view.
He is wearing a +0 hat of intelligence.
Gastronok gurgles horribly!
Aiming: Paralyse
Press: ? - help, Q - select action, (/) - cycle Shift-Dir - straight line, f - Gastronok
Aim: Gastronok, wearing a +0 hat of intelligence (chance to affect: 13%) Gastronok resists with almost no effort.
Okay, then.
The vampire gestures wildly while chanting.
The vampire flickers and vanishes for a moment.
Gastronok looks at you and mumbles some strange words.
You feel yourself slow down.
The vampire gestures at you while chanting.
You are confused.
Gastronok casts a spell.
Gastronok puts on a burst of speed!
You feel briefly sluggish.
You feel less confused.
Gastronok gurgles, "A snack!
A snack!"
Gastronok waves his eye-stalks in wide circles.
The air twists around and strikes you!
You hit Gastronok.
Gastronok is lightly wounded.
The vampire closely misses you. The vampire bites you!
The vampire draws strength from your injuries!
Gastronok waves his eye-stalks in wide circles.
The air twists around and strikes you!!
* * * LOW HITPOINT WARNING * * *
You feel better. The vampire hits you.
* * * LOW HITPOINT WARNING * * *
The vampire barely misses you.
The vampire hits you but does no damage.
The vampire bites you!
* * * LOW HITPOINT WARNING * * *
The vampire draws strength from your injuries!
The vampire hits you but does no damage.
The vampire bites you but does no damage.
Gastronok waves his eye-stalks in wide circles.
The air twists around and strikes you!
You die...

*,,,**,****,,,****,*,*,****
*,,,**,,,,....+,,....#,*
**,,,******#...####.#.#.####
*,,,,+,,,,*#......#V#.......
******,,,,***#,*#....#.#.#.#,**#.
,,,,,,,,,** #.*#....#.#.#.#,**##
,,,,,,,,,∆* #.##....#.#.#.#...).
,,,,,,,,,,* #.........#.#.######
,~~~~~~~,,* **#@................
,~**,**~,** #.V....(#...#.###.
,~*,,,*~,* #.w.#...#.........
,~*,∩,*~,******#...#...#........#
,~*,,,*~,,,,,,..................>
,~*****~,,***####.##.#.#.....###.
,~~~~~~~,**,,,,,..##.........#**.
,,,,,,,,,**,***#######.#......,,,
,,,,,,,,+,*,,,,,,,,,,,.#,,,,,,,,,


You could see Gastronok (swift) and a vampire (invisible).

Vanquished Creatures
  A water moccasin (D:6)
  A sky beast (D:8)
  An ice beast (D:6)
  2 black bears
  2 ogres (D:7)
  2 phantoms
  3 kobold brigands
  A bullfrog (D:7)
  A gnoll sergeant (D:6)
  4 scorpions
  4 howler monkeys
  A jelly (D:6)
  2 orc priests
  5 iguanas
  7 orc wizards
  2 sleepcaps
  Terence (D:3)
  9 gnolls
  13 adders
  2 river rats (Sewer)
  2 white imps
  2 ufetubi
  A worm (D:2)
  3 dart slugs
  13 orcs
  13 ball pythons
  6 endoplasms
  8 giant cockroaches
  9 goblins
  8 hobgoblins
  14 jackals
  7 quokkas
  8 bats
  5 frilled lizards
  17 kobolds
  7 rats
187 creatures vanquished.

Notes
Turn   | Place    | Note
-------+----------+-------------------------------------------
     0 | D:1      | Reached skill level 10 in Armour
     0 | D:1      | Unglued128 the Gnoll Wanderer began the quest for the Orb.
     0 | D:1      | Unglued128 set off with the following items: a +0 club, a
                  | +0 buckler, a scroll of fear, a +0 chain mail; and the
                  | following spell memorised: Shock; and the following spells
                  | available to memorise: Swiftness.
     0 | D:1      | Reached XP level 1. HP: 17/17 MP: 4/4
   179 | D:1      | Reached XP level 2. HP: 22/23 MP: 5/5
   590 | D:1      | Reached XP level 3. HP: 24/28 MP: 7/7
   744 | D:2      | Reached skill level 1 in Invocations
   912 | D:2      | Reached skill level 1 in Short Blades
   912 | D:2      | Reached skill level 1 in Long Blades
   912 | D:2      | Reached skill level 1 in Axes
   912 | D:2      | Reached skill level 1 in Maces & Flails
   912 | D:2      | Reached skill level 1 in Polearms
   912 | D:2      | Reached skill level 1 in Staves
   912 | D:2      | Reached skill level 1 in Ranged Weapons
   912 | D:2      | Reached skill level 1 in Throwing
   912 | D:2      | Reached skill level 1 in Dodging
   912 | D:2      | Reached skill level 1 in Stealth
   912 | D:2      | Reached skill level 1 in Unarmed Combat
   912 | D:2      | Reached skill level 1 in Evocations
  1118 | D:2      | Reached XP level 4. HP: 31/34 MP: 8/8
  1460 | D:2      | Found a sacrificial altar of Ru.
  1767 | D:3      | Reached skill level 1 in Conjurations
  1767 | D:3      | Reached skill level 1 in Hexes
  1767 | D:3      | Reached skill level 1 in Summonings
  1767 | D:3      | Reached skill level 1 in Necromancy
  1767 | D:3      | Reached skill level 1 in Translocations
  1767 | D:3      | Reached skill level 1 in Transmutations
  1767 | D:3      | Reached skill level 1 in Fire Magic
  1767 | D:3      | Reached skill level 1 in Ice Magic
  1767 | D:3      | Reached skill level 1 in Earth Magic
  1767 | D:3      | Reached skill level 1 in Poison Magic
  1971 | D:3      | Noticed Terence
  1992 | D:3      | Reached XP level 5. HP: 35/40 MP: 9/9
  2032 | D:3      | Killed Terence
  2434 | D:4      | Noticed Edmund
  2651 | D:4      | Reached XP level 6. HP: 34/47 MP: 9/11
  2786 | D:4      | Reached skill level 5 in Shields
  3407 | D:4      | Reached XP level 7. HP: 38/52 MP: 12/12
  3714 | D:5      | Entered Level 5 of the Dungeon
  4729 | D:6      | Reached XP level 8. HP: 21/60 MP: 14/14
  4754 | D:6      | Found a glowing drain.
  4830 | Sewer    | Entered a sewer
  5724 | D:6      | Reached skill level 11 in Armour
  6502 | D:7      | Reached XP level 9. HP: 45/66 MP: 16/16
  6811 | D:7      | Reached skill level 5 in Spellcasting
  7098 | D:7      | Reached skill level 5 in Fighting
  7108 | D:7      | Found a staircase to the Ecumenical Temple.
  7835 | Temple   | Entered the Ecumenical Temple
  7897 | Temple   | Became a worshipper of Qazlal Stormbringer
  7993 | D:8      | Noticed Gastronok
  8003 | D:8      | Killed from afar by Gastronok

Illustrated notes

Levels and vault maps discovered:
D:1:      dreamdust_arrival_beginning_and_end, layout_rooms
D:2:      layout_basic, basic_altar
D:3:      layout_rooms, minmay_randomly_rotated_circles, uniq_terence
D:4:      layout_loops_corners, uniq_edmund
D:5:      layout_loops_ring
D:6:      layout_loops_ring, gup_sewer_entry_glass
D:7:      layout_gridville, minmay_temple_entry_large_hall,
          minmay_misc_feat_doors
D:8:      layout_basic, demons_altar, gammafunk_ghost_grave, enter_bailey_3,
          uniq_gastronok
Temple:   grunt_wide_crystal_templ

Skill      XL: |  1  2  3  4  5  6  7  8  9 |
---------------+----------------------------+-----
Armour         | 11 | 11.3
Air Magic      | 2 3 4 |  4.3
Invocations    | 1 2 3 4 |  4.9
Short Blades   | 1 2 3 4 |  4.4
Long Blades    | 1 2 3 4 |  4.4
Axes           | 1 2 3 4 |  4.4
Maces & Flails | 1 2 3 4 |  4.4
Polearms       | 1 2 3 4 |  4.4
Staves         | 1 2 3 4 |  4.4
Ranged Weapons | 1 2 3 4 |  4.4
Throwing       | 1 2 3 4 |  4.4
Dodging        | 1 2 3 4 |  4.4
Stealth        | 1 2 3 4 |  4.4
Unarmed Combat | 1 2 3 4 |  4.4
Evocations     | 1 2 3 4 |  4.4
Spellcasting   | 3 4 5 |  5.3
Conjurations   | 1 2 3 |  3.6
Hexes          | 1 2 3 |  3.6
Summonings     | 1 2 3 |  3.6
Necromancy     | 1 2 3 |  3.6
Translocations | 1 2 3 |  3.6
Transmutations | 1 2 3 |  3.6
Fire Magic     | 1 2 3 |  3.6
Ice Magic      | 1 2 3 |  3.6
Earth Magic    | 1 2 3 |  3.6
Poison Magic   | 1 2 3 |  3.6
Fighting       | 3 4 5 |  5.2
Shields        | 5 6 |  6.4

Action                     |  1- 3 |  4- 6 |  7- 9 || total
---------------------------+-------+-------+-------++-------
  Melee: Club              |    50 |       |       ||    50
         Bite              |    14 |    18 |    49 ||    81
         Whip              |   131 |   248 |    20 ||   399
         Dagger            |       |       |   476 ||   476
  Throw: Dart              |       |     4 |    24 ||    28
   Cast: Shock             |       |     5 |     1 ||     6
  Evoke: Wand              |       |       |     1 ||     1
    Use: Scroll            |       |     9 |     9 ||    18
         Potion            |       |     2 |     3 ||     5
 Armour: Chain mail        |   119 |   139 |   300 ||   558
  Dodge: Dodged            |    55 |    94 |   143 ||   292
  Block: Buckler           |    41 |    33 |   110 ||   184
